 Dungeon Crawl Stone Soup version 0.27.0-1-g7a089689b8 (webtiles) character file.

Game seed: 64385594478920547

104 shakesphere1979 the Skirmisher (level 4, -1/37 HPs)
             Began as a Demonspawn Monk on July 31, 2021.
             Slain by Eustachio (6 damage)
             ... on level 4 of the Dungeon.
             The game lasted 00:08:08 (3361 turns).

shakesphere1979 the Skirmisher (Demonspawn Monk)    Turns: 3361, Time: 00:08:08

Health: -1/37      AC:  3    Str: 13    XL:     4   Next: 52%
Magic:  4/4        EV: 13    Int: 11    God:
Gold:   56         SH:  0    Dex: 15    Spells: 3/3 levels left

rFire    . . .     SeeInvis .   a - +2 flail (drain)
rCold    . . .     Faith    .   (no shield)
rNeg     . . .     Spirit   .   m - +0 robe
rPois    .         Reflect  .   (helmet restricted)
rElec    .         Harm     .   (no cloak)
rCorr    .         Rampage  .   g - +0 pair of gloves
Will     .....                  (no boots)
Stlth    ++........             (no amulet)
HPRegen  0.12/turn              (no ring)
MPRegen  0.09/turn              (no ring)

@: no status effects
A: horns 1, talons 1
a: no special abilities


You were on level 4 of the Dungeon.
You visited 1 branch of the dungeon, and saw 4 of its levels.

You collected 56 gold pieces.

Inventory:

Hand Weapons
 a - a +2 flail of draining (weapon)
 b - a +0 dagger of venom
 l - a +0 shortbow
 p - a +0 hand crossbow
 r - a +0 falchion
Missiles
 c - 53 stones (quivered)
 j - 5 poisoned darts
 n - 2 atropa-tipped darts
 o - 8 arrows
Armour
 e - a +0 ring mail of fire resistance
 g - a +0 pair of gloves (worn)
 m - a +0 robe (worn)
Potions
 d - a potion of degeneration {unknown}
 f - 2 potions of heal wounds {unknown}
 i - 2 potions of attraction {unknown}


   Skills:
 + Level 4.0 Fighting
 - Level 2.6 Long Blades
 + Level 3.5 Dodging
 - Level 3.0 Stealth


You had 3 spell levels left.
You didn't know any spells.
Your spell library contained the following spells:

 Spells                   Type           Power      Damage    Failure   Level
 Foxfire                  Conj/Fire      0%         2x1d4     34%         1
 Conjure Flame            Conj/Fire      0%         6-21      71%         3
 Inner Flame              Hex/Fire       0%         N/A       71%         3


Dungeon Overview and Level Annotations

Branches:
Dungeon (4/15)
 Temple: D:4-7

Altars:
The Shining One

Annotations:
D:4 Eustachio


Innate Abilities, Weirdness & Mutations

You have a pair of small horns on your head.
You have sharp toenails.


Message History

Your Fighting skill increases to level 4!
You start resting.
You hear the slow hiss of a very distant avalanche of sand.
You start resting.
Eustachio is nearby!
Eustachio is nearby!
Eustachio shouts!
Eustachio gestures wildly while chanting.
Eustachio blinks!
Eustachio mumbles some strange words.
Eustachio blinks!
Eustachio gestures wildly while chanting.
The bat barely misses you. The bat hits you but does no damage.
Hit: a) +2 flail (drain)
Press: ? - help, Dir - move target, f/p - Eustachio
Aim: Eustachio, wielding a +0 falchion, wearing a +0 leather armour and carrying a wand of flame (9) (moderately wounded, about 50% to evade your +2 flail of draining)
Okay, then.
Unknown command.
You completely miss Eustachio. You claw Eustachio, but do no damage.
You headbutt Eustachio.
Eustachio is heavily wounded.
The bat hits you but does no damage. Eustachio barely misses you.
The bat hits you but does no damage.
Eustachio gestures wildly while chanting.
Eustachio blinks!
You closely miss Eustachio.
Eustachio is heavily wounded.
The bat hits you but does no damage. Eustachio hits you but does no damage.
You sock Eustachio!
Eustachio is severely wounded.
You hear the slow hiss of a very distant avalanche of sand.
The bat misses you. Eustachio hits you with a +0 falchion!
* * * LOW HITPOINT WARNING * * *
The bat closely misses you.
You hit Eustachio but do no damage. You drain Eustachio.
Your kick misses Eustachio. You headbutt Eustachio.
Eustachio is almost dead.
The bat hits you but does no damage. The bat closely misses you.
Eustachio hits you with a +0 falchion.
You die...

#............#
#.#..........+
.............#
#.#...####..#########.#
#.#...#.............#.##
#.#...####.##.#.........
#.#...####.##.#.....#.##
#.#...........#.....#
#.#...#....##.#b@@..#
............#.#.....#.#
#.#...#....##.........#
#.#.@.####.##.#.##......
.......###.##.#.# .###..
#.#..J.....## #.# .# ..
..#..##.#### #.# .###.
.....##.#######.##.....
.....##.#..........#


You could see Eustachio (drained) and a bat (summoned).

Vanquished Creatures
  4 adders
  2 worms (D:3)
  A dart slug (D:2)
  2 ball pythons (D:2)
  5 endoplasms
  10 giant cockroaches
  3 goblins
  4 hobgoblins (D:1)
  2 jackals (D:3)
  A quokka (D:4)
  12 bats
  2 frilled lizards
  3 kobolds
  6 rats
57 creatures vanquished.

Vanquished Creatures (others)
  2 fungi (D:2)
  2 plants (D:2)
4 creatures vanquished.

Grand Total: 61 creatures vanquished

Notes
Turn   | Place    | Note
-------+----------+-------------------------------------------
     0 | D:1      | shakesphere1979 the Demonspawn Monk began the quest for the
                  | Orb.
     0 | D:1      | Reached XP level 1. HP: 18/18 MP: 1/1
   139 | D:1      | Gained mutation: You have a pair of small horns on your
                  | head. [demonic ancestry]
   139 | D:1      | Reached XP level 2. HP: 20/24 MP: 2/2
  1154 | D:1      | Reached XP level 3. HP: 3/29 MP: 3/3
  2080 | D:2      | Gained mutation: You have sharp toenails. [demonic
                  | ancestry]
  2080 | D:2      | Reached XP level 4. HP: 37/37 MP: 4/4
  2175 | D:2      | Found a faded altar of an unknown god.
  3226 | D:4      | Noticed Eustachio
  3289 | D:4      | Reached skill level 4 in Fighting
  3361 | D:4      | Slain by Eustachio

Illustrated notes

Levels and vault maps discovered:
D:1:      dpeg_arrival_water_altar, layout_loops_ring, minmay_worlds_worst_comb
D:2:      layout_rooms, shapermc_ecumenical_altar_ellora,
          minmay_indecisive_spiral
D:3:      layout_loops_cross
D:4:      layout_basic, nicolae_ossuary_entry_plus, minmay_misc_feat_hallway,
          sigmund_army, uniq_eustachio, uniq_duvessa

Skill      XL: |  1  2  3  4 |
---------------+-------------+-----
Stealth        | 2 3 |  3.0
Dodging        | 3 |  3.5
Fighting       | 4 |  4.0
Long Blades    | |  2.6

Action                   |  1- 3 |  4- 6 || total
-------------------------+-------+-------++-------
Melee: Falchion          |   106 |    27 ||   133
       Headbutt          |    11 |     9 ||    20
       Flail             |       |    21 ||    21
       Kick              |       |    10 ||    10
Throw: Dart              |       |     1 ||     1
       Stone             |       |     1 ||     1
  Use: Scroll            |       |     4 ||     4
 Stab: Sleeping          |     7 |     3 ||    10
Armor: Robe              |    20 |    22 ||    42
Dodge: Dodged            |    77 |    54 ||   131
       Rpst.: Falchion   |    23 |     5 ||    28
